 Dungeon Crawl Stone Soup version 0.28.0-43-g3370ac3207 (webtiles) character file.

Game seed: 11763391179617208583

16 pkoi the Gusty (level 2, -1/20 HPs)
             Began as a Demigod Air Elementalist on Mar 25, 2022.
             Slain by a kobold
             ... wielding a +0 short sword
              (3 damage)
             ... on level 1 of the Dungeon.
             The game lasted 00:00:41 (977 turns).

pkoi the Gusty (Demigod Air Elementalist)            Turns: 977, Time: 00:00:42

Health: -1/20      AC:  2    Str:  9    XL:     2   Next: 27%
Magic:  7/7        EV: 12    Int: 17    God:
Gold:   42         SH:  0    Dex: 14    Spells: 3/4 levels left

rFire   . . .      SeeInvis .   c - +0 dagger
rCold   . . .      Faith    .   (no shield)
rNeg    . . .      Spirit   .   a - +0 robe
rPois   .          Reflect  .   (no helmet)
rElec   .          Harm     .   (no cloak)
rCorr   .          Rampage  .   (no gloves)
Will    .....                   (no boots)
Stlth   ++........              (no amulet)
HPRegen 0.06/turn               (no ring)
MPRegen 0.10/turn               (no ring)

@: no status effects
A: high MP 1, forlorn, divine attributes
a: no special abilities


You were on level 1 of the Dungeon.
You visited 1 branch of the dungeon, and saw 1 of its levels.

You collected 42 gold pieces.

Inventory:

Hand Weapons
 c - a +0 dagger (weapon)
Armour
 a - a +0 robe (worn)
Scrolls
 b - a scroll of fear {unknown}
 d - a scroll of holy word {unknown}


   Skills:
 - Level 1.7 Dodging
 - Level 1.7 Stealth
 - Level 1.1 Unarmed Combat
 - Level 1.7 Spellcasting
 - Level 0.8 Conjurations
 + Level 3.1 Air Magic


You had 3 spell levels left.
You knew the following spells:

 Your Spells              Type           Power      Damage    Failure   Level
a - Shock                 Conj/Air       32%        1d5       9%          1

Your spell library contained the following spells:

 Spells                   Type           Power      Damage    Failure   Level
 Static Discharge         Conj/Air       8%         N/A       13%         2
 Swiftness                Air            12%        N/A       16%         3
 Airstrike                Air            6%         N/A       47%         4


Dungeon Overview and Level Annotations

Branches:
Dungeon (1/15)


Innate Abilities, Weirdness & Mutations

You have an increased reservoir of magic. (+10% MP)
You shall have no god before yourself.
Your divine heritage dramatically boosts your attributes as you level up.


Message History

a +0 whip; a stone; a kobold corpse A hobgoblin comes into view.
The zap hits the hobgoblin.
The hobgoblin is almost dead.
The hobgoblin shouts!
The zap misses the hobgoblin.
You hear a shout!
That beam is likely to hit you.
Continue anyway? [Y]es or [N]o only, please.
That beam is likely to hit you.
Continue anyway? [Y]es or [N]o only, please.
That beam is likely to hit you.
Continue anyway?
Okay, then.
You hit the hobgoblin.
You kill the hobgoblin!
A kobold comes into view. It is wielding a +0 short sword.
The kobold shouts!
You see here a hobgoblin corpse.
The kobold hits you with a +0 short sword.
A kobold is nearby!
A kobold is nearby!
You barely miss the kobold.
The kobold hits you with a +0 short sword.
* * * LOW HITPOINT WARNING * * *
You hit the kobold but do no damage.
The kobold hits you with a +0 short sword.
* * * LOW HITPOINT WARNING * * *
A kobold comes into view. It is wielding a +0 dagger.
The kobold shouts!
You hit the kobold but do no damage.
The kobold hits you with a +0 short sword.
* * * LOW HITPOINT WARNING * * *
You closely miss the kobold.
The kobold hits you with a +0 short sword.
* * * LOW HITPOINT WARNING * * *
You hit the kobold but do no damage. The kobold hits you but does no damage.
The kobold closely misses you.
You hit the kobold but do no damage.
The kobold hits you with a +0 short sword.
You die...

##.### #.# # #####.###
#....#... #.##
#.#.###.. ...# #..##
##. #..# #.#.###..
#.######..# #....#...
#...K@K...# ##.##.##.
#####†###.# #.##..#.
####...##.#####.#.....
+.......>.............
####...#..#####.#.....
##....## #.##..#.
###.## #.##.##. #.#
#....... #.# ####.###


You could see 2 kobolds.

Vanquished Creatures
  5 bats (D:1)
  A giant cockroach (D:1)
  A goblin (D:1)
  2 hobgoblins (D:1)
  4 kobolds (D:1)
  2 quokkas (D:1)
15 creatures vanquished.

Notes
Turn   | Place    | Note
-------+----------+-------------------------------------------
     0 | D:1      | pkoi the Demigod Air Elementalist began the quest for the
                  | Orb.
     0 | D:1      | Reached XP level 1. HP: 14/14 MP: 5/5
   467 | D:1      | Reached skill level 3 in Air Magic
   610 | D:1      | Reached skill level 1 in Unarmed Combat
   719 | D:1      | Reached XP level 2. HP: 20/20 MP: 5/7
   977 | D:1      | Slain by a kobold

Illustrated notes

Levels and vault maps discovered:
D:1:      minmay_arrival_stone_box, layout_loops_corners,
          shapermc_ecumenical_altar_notcrosses

Skill      XL: |  1 |
---------------+----+-----
Air Magic      | 3 |  3.1
Unarmed Combat | 1 |  1.1
Dodging        | |  1.7
Stealth        | |  1.7
Spellcasting   | |  1.7
Conjurations   | |  0.8

Action                   || total
-------------------------++-------
Melee: Unarmed           ||    10
       Punch             ||     1
       Dagger            ||     7
 Cast: Shock             ||    27
Armor: Robe              ||     9
Dodge: Dodged            ||    17
